 Dungeon Crawl Stone Soup version 0.21-a0-630-g344d351 (webtiles) character file.

52 kibaces the Skirmisher (level 3, -3/40 HPs)
             Began as an Ogre Berserker on Dec 26, 2017.
             Was a Follower of Trog.
             Slain by a gnoll
             ... wielding a +0 flail
              (9 damage)
             ... on level 2 of the Dungeon.
             The game lasted 00:02:17 (917 turns).

kibaces the Skirmisher (Ogre Berserker)              Turns: 917, Time: 00:02:17

Health: -3/40      AC:  3    Str: 22    XL:     3   Next: 85%
Magic:  3/3        EV: 10    Int:  8    God:    Trog [*.....]
Gold:   30         SH:  0    Dex:  8    Spells: 2/2 levels left

rFire    . . .     SeeInvis .   a - +0 mace
rCold    . . .     Gourm    .   (no shield)
rNeg     . . .     Faith    .   b - +0 animal skin
rPois    .         Spirit   .   (helmet restricted)
rElec    .         Reflect  .   (no cloak)
rCorr    .         Harm     .   (gloves unavailable)
MR       .....                  (boots unavailable)
Stlth    +.........             (no amulet)
HPRegen  0.13/turn              (no ring)
MPRegen  0.08/turn              (no ring)

@: berserk cooldown, slowed, very slow
A: large, unfitting armour, tough skin 1
a: Berserk, Burn Spellbooks, Renounce Religion


You were on level 2 of the Dungeon.
You worshipped Trog.
Trog was aware of your devotion.
You were hungry.

You visited 1 branch of the dungeon, and saw 2 of its levels.

You collected 30 gold pieces.

Inventory:

Hand Weapons
 a - a +0 mace (weapon)
Missiles
 e - 2 javelins (quivered)
 g - a throwing net
Armour
 b - a +0 animal skin (worn)
Jewellery
 h - a cursed ring of teleportation {unknown}
Scrolls
 f - 3 scrolls of identify {unknown}
 i - 2 scrolls of teleportation {unknown}
Potions
 d - 2 potions of brilliance {unknown}
 j - a potion of flight {unknown}
 k - a potion of magic {unknown}
 l - a potion of curing {unknown}
 n - a potion of resistance {unknown}
 o - a potion of heal wounds {unknown}
Comestibles
 c - 3 rations
 m - 2 chunks of flesh


   Skills:
 + Level 4.7 Fighting
 + Level 3.2 Maces & Flails
 - Level 0.3 Armour
 + Level 3.2 Dodging


You had 2 spell levels left.
You didn't know any spells.

Dungeon Overview and Level Annotations

Branches:
Dungeon (2/15)

Altars:


Innate Abilities, Weirdness & Mutations

You are too large for most types of armour.
You have tough skin. (AC +1)


Message History

Some of the chunks of flesh in your inventory have rotted away.
You sock the gnoll!
You kill the gnoll!
Trog accepts your kill. The gnoll barely misses you.
The gnoll hits you but does no damage.
You see here a spear.
You thump the gnoll!
You kill the gnoll!
Trog accepts your kill.
A rat and a gnoll come into view.
The gnoll shouts!
You see here an enchanted spear.
You feel a strong urge to attack something.
You are no longer berserk.
You are exhausted.
You feel yourself slow down.
You hit the gnoll but do no damage. The gnoll barely misses you.
You barely miss the gnoll. The gnoll hits you with a flail!
You die...

........# ......##
......# ......#
.....## ...#.#
...#.#############
......)......†))[#
.#.#.###########@#
...#.# #g# ...#.#
.r. ##.#.# #....
#.# #..#'# #.#
#..#.# .. ...###
#..#


You could see a gnoll and a rat.

Vanquished Creatures
  3 gnolls (D:2)
  A dart slug (D:1)
  A goblin (D:1)
  2 hobgoblins
  5 jackals
  3 kobolds (D:1)
  3 bats (D:1)
  A frilled lizard (D:1)
  2 rats
21 creatures vanquished.

Notes
Turn   | Place    | Note
-------+----------+-------------------------------------------
     0 | D:1      | kibaces the Ogre Berserker began the quest for the Orb.
     0 | D:1      | Reached XP level 1. HP: 24/24 MP: 1/1
   209 | D:1      | Reached XP level 2. HP: 28/32 MP: 2/2
   907 | D:2      | Reached XP level 3. HP: 14/40 MP: 3/3
   917 | D:2      | Slain by a gnoll

Vault maps used:
D:1:      dpeg_arrival_prison, minmay_tripent
D:2:      serial_glass, glass_columns_a, glass_columns_a, first_ration,
          grunt_ministairs_12, minmay_rat_gold_closets

Skill      XL: |  1  2 |
---------------+-------+-----
Maces & Flails | 3 |  3.2
Dodging        | 3 |  3.2
Fighting       | |  4.7
Armour         | |  0.3

Action                   || total
-------------------------++-------
Melee: Mace              ||    85
Invok: Berserk           ||     1
Armor: Animal skin       ||    33
Dodge: Dodged            ||    81

Table legend:
 A = Spawn XP
 B = Non-spawn XP
 C = Spawn XP percentage of total XP
 D = Spawn monster count
 E = Non-spawn monster count
 F = Spawn count percentage of total count
 G = Total turns spent on level
                    A         B        C        D         E        F      G
               +---------+---------+-------+---------+---------+-------+---------
         Total |       0 |      75 |   0.0 |       0 |      21 |   0.0 |   917
               +---------+---------+-------+---------+---------+-------+---------
           D:1 |       0 |      22 |   0.0 |       0 |      13 |   0.0 |   683
           D:2 |       0 |      53 |   0.0 |       0 |       8 |   0.0 |   234
               +---------+---------+-------+---------+---------+-------+---------
